 Dungeon Crawl Stone Soup version 0.22-a0-135-g6f012ad (webtiles) character file.

2778 KristoblXynda the Destroyer (level 9, -5/103 HPs)
             Began as a Yellow Draconian Conjurer on Feb 1, 2018.
             Was a Believer of Vehumet.
             Slain by a two-headed ogre
             ... wielding a +0 giant club
              (21 damage)
             ... on level 8 of the Dungeon.
             The game lasted 00:20:09 (8496 turns).

KristoblXynda the Destroyer (DrCj)                  Turns: 8496, Time: 00:20:10

Health: -5/103     AC: 24    Str: 15    XL:     9   Next: 42%
Magic:  17/20      EV:  2    Int: 19    God:    Vehumet [**....]
Gold:   391        SH:  0    Dex: 12    Spells: 19/23 levels left

rFire    . . .     SeeInvis +   e - +3 whip (elec)
rCold    . . .     Gourm    .   (no shield)
rNeg     + + +     Faith    .   (armour unavailable)
rPois    +         Spirit   .   (helmet currently unavailable)
rElec    .         Reflect  .   (cloak currently unavailable)
rCorr    .         Harm     .   (gloves currently unavailable)
MR       .....     NoTele   +   (boots currently unavailable)
Stlth    ++........             d - amulet of regeneration
HPRegen  0.67/turn              y - ring of see invisible
MPRegen  0.17/turn              u - ring of poison resistance

@: mighty, tree-form
A: (spit acid), (acid resistance), unfitting armour, AC +7
a: Renounce Religion


You were on level 8 of the Dungeon.
You worshipped Vehumet.
Vehumet was pleased with you.
You were not hungry.
You were a tree.
You visited 2 branches of the dungeon, and saw 9 of its levels.
You also visited: Ossuary.

You collected 607 gold pieces.
You spent 216 gold pieces at shops.

Inventory:

Hand Weapons
 e - a +3 whip of electrocution (weapon)
 q - a +0 whip
Armour
 j - a +1 pair of boots (melded)
 z - a +0 cloak (melded)
 F - a +1 pair of gloves (melded)
Jewellery
 d - an amulet of regeneration (around neck)
 u - a ring of poison resistance (right branch)
 y - a ring of see invisible (left branch)
Wands
 n - a wand of digging (10)
 D - a wand of polymorph (21)
Scrolls
 c - a scroll of enchant weapon
 f - 6 scrolls of teleportation
 i - 2 scrolls of remove curse
 l - 4 scrolls of fog
 A - a scroll of magic mapping
Potions
 g - a potion of lignification
 h - 3 potions of haste
 k - 6 potions of curing
 m - a potion of magic
 o - a potion of might
 p - a potion of berserk rage {unknown}
 r - a potion of cancellation {unknown}
 s - 8 potions of agility
 t - 3 potions of flight
 w - a potion of experience {unknown}
 x - a potion of mutation
 B - a potion of brilliance
 C - a potion of resistance {unknown}
Books
 a - a book of Conjurations

   Spells                             Type                      Level
   a - Magic Dart                     Conjuration                  1
   b - Searing Ray                    Conjuration                  2
   c - Dazzling Spray                 Conjuration/Hexes            3
   d - Fulminant Prism                Conjuration/Hexes            4
   e - Force Lance                    Conjuration/Translocation    4
   f - Iskenderun's Mystic Blast      Conjuration                  4
Comestibles
 b - 13 rations


   Skills:
 + Level 3.1 Fighting
 - Level 5.0 Maces & Flails
 - Level 1.7 Dodging
 - Level 1.7 Stealth
 - Level 0.1 Unarmed Combat
 * Level 7.7 Spellcasting
 * Level 9.1 Conjurations


You had 19 spell levels left.
You knew the following spells:

 Your Spells              Type           Power        Failure   Level  Hunger
a - Magic Dart            Conj           ####         1%          1    None
b - Dazzling Spray        Conj/Hex       ###...       4%          3    #......


Dungeon Overview and Level Annotations

Branches:
Dungeon (8/15)             Temple (1/1) D:6
   Lair: D:8-11

Altars:
Ashenzari
Cheibriados
Dithmenos
Elyvilon
Fedhas
Gozag
Hepliaklqana
Kikubaaqudgha
Makhleb
Nemelex Xobeh
Okawaru
Qazlal
Ru
Sif Muna
Trog
Uskayaw
Vehumet
Wu Jian
Xom
Yredelemnul
Zin
The Shining One

Shops:
D:5 (


Innate Abilities, Weirdness & Mutations

((You can spit globs of acid.))
((You are resistant to acid.))
((Your golden yellow scales are hard. (AC +7)))
You cannot fit into any form of body armour.
((You are cold-blooded and may be slowed by cold attacks.))


Message History

The two-headed ogre hits you with a giant spiked club!
* * * LOW HITPOINT WARNING * * *
Casting: Dazzling Spray (safe; 4% risk of failure)
Confirm with . or Enter, or press ? or * to list all spells.
Aiming: Dazzling Spray (safe; 4% risk of failure)
Press: ? - help, Shift-Dir - straight line, f/p - two-headed ogre
Aim: a two-headed ogre, wielding a giant club and a giant spiked club (lightly wounded)
The spray of energy hits the two-headed ogre.
The two-headed ogre is moderately wounded.
The two-headed ogre is dazzled.
The orc warrior seems to regain its courage.
It was a potion of might.
You feel very mighty all of a sudden.
The two-headed ogre hits you with a giant club.
* * * LOW HITPOINT WARNING * * *
The two-headed ogre hits you with a giant spiked club!
* * * LOW HITPOINT WARNING * * *
You feel better. The two-headed ogre barely misses you.
The two-headed ogre hits you with a giant spiked club!!
You die...

##.# ##..###
#.....###
#.......#
##........#
####..........
..
#..oo#.......#
....
#+#O##.....###
....
+♣###..###
##.... ### ###
#..... ..##
...# .5## ...#
..## ..+


You could see a two-headed ogre (blind), an orc warrior and an orc.

Vanquished Creatures
  A water moccasin (D:5)
  2 sky beasts
  A phantom (D:5)
  An ice beast (D:6)
  A necrophage (D:5)
  3 ogres
  4 centaurs
  A crocodile (D:5)
  A big kobold (D:7)
  4 bullfrogs
  A wyvern skeleton (D:8)
  2 scorpions
  4 howler monkeys
  3 crimson imps
  4 hounds
  A human zombie (D:5)
  A jelly (D:7)
  Crazy Yiuf (D:7)
  A bullfrog skeleton (D:5)
  3 orc priests
  4 orc wizards
  A worker ant (D:5)
  A big kobold zombie (Ossuary)
  A worker ant zombie (D:5)
  Robin (D:3)
  8 mummies (Ossuary)
  10 adders
  A howler monkey skeleton (D:7)
  3 shadow imps
  A worm zombie (D:5)
  An adder skeleton (D:7)
  2 worms
  3 dart slugs
  3 leopard geckos
  18 orcs
  A ball python (D:3)
  5 giant cockroaches
  12 goblins
  11 hobgoblins
  5 jackals
  10 kobolds
  A quokka (D:4)
  7 bats
  5 frilled lizards
  3 gnoll zombies (Ossuary)
  A hobgoblin zombie (Ossuary)
  2 kobold zombies (Ossuary)
  A leopard gecko skeleton (D:4)
  An orc zombie (Ossuary)
  5 rats
  A plant (D:3)
169 creatures vanquished.

Vanquished Creatures (others)
  7 plants (D:3)
7 creatures vanquished.

Grand Total: 176 creatures vanquished

Notes
Turn   | Place    | Note
-------+----------+-------------------------------------------
     0 | D:1      | KristoblXynda the Draconian Conjurer began the quest for the Orb.
     0 | D:1      | Reached XP level 1. HP: 14/14 MP: 3/3
   510 | D:1      | Reached XP level 2. HP: 20/20 MP: 1/5
  1095 | D:2      | Reached XP level 3. HP: 26/26 MP: 6/6
  1121 | D:2      | Learned a level 3 spell: Dazzling Spray
  1177 | D:2      | Reached skill level 1 in Maces & Flails
  1654 | D:3      | Reached XP level 4. HP: 33/33 MP: 5/8
  2154 | D:3      | Noticed Robin
  2311 | D:3      | Found a bloodstained altar of Trog.
  2318 | D:3      | Found a radiant altar of Vehumet.
  2319 | D:3      | Found an ornate altar of the Wu Jian Council.
  2319 | D:3      | Found a shadowy altar of Dithmenos.
  2319 | D:3      | Found a white marble altar of Elyvilon.
  2319 | D:3      | Found a sparkling altar of Nemelex Xobeh.
  2320 | D:3      | Found a snail-covered altar of Cheibriados.
  2322 | D:3      | Found a hazy altar of Hepliaklqana.
  2323 | D:3      | Found a burning altar of Makhleb.
  2333 | D:3      | Became a worshipper of Vehumet
  2837 | D:3      | Killed Robin
  2863 | D:3      | Reached skill level 5 in Conjurations
  2889 | D:3      | Reached XP level 5. HP: 26/38 MP: 1/10
  3259 | D:4      | Reached * piety under Vehumet
  3259 | D:4      | Offered knowledge of Flame Tongue by Vehumet.
  3325 | D:4      | Noticed an ogre
  3331 | D:4      | Killed an ogre
  3331 | D:4      | Reached XP level 6. HP: 45/45 MP: 3/12
  3738 | D:5      | Entered Level 5 of the Dungeon
  3782 | D:5      | Reached skill level 6 in Conjurations
  3828 | D:5      | Your scales start taking on a golden yellow colour.
  3828 | D:5      | Reached XP level 7. HP: 25/49 MP: 1/14
  3829 | D:5      | Reached skill level 5 in Spellcasting
  3904 | D:5      | Found Qalustrawk's Antique Weapon Boutique.
  3943 | D:5      | Found a sand-covered staircase.
  3952 | Ossuary  | Entered an ossuary
  4097 | Ossuary  | Reached skill level 7 in Conjurations
  4489 | Ossuary  | Reached XP level 8. HP: 56/56 MP: 9/16
  5424 | D:5      | Bought a scorched scimitar for 216 gold pieces
  5424 | D:5      | Identified the +2 scimitar "Cat Quon" {chaos, rN+} (You bought it in a shop on level 5 of the Dungeon)
  5680 | D:6      | Offered knowledge of Sandblast by Vehumet.
  5691 | D:6      | Reached ** piety under Vehumet
  5797 | D:6      | Found a staircase to the Ecumenical Temple.
  6363 | D:6      | Reached skill level 8 in Conjurations
  6378 | Temple   | Entered the Ecumenical Temple
  7331 | D:7      | Found a runed door.
  7335 | D:7      | Noticed Crazy Yiuf
  7338 | D:7      | Killed Crazy Yiuf
  7338 | D:7      | Reached skill level 5 in Maces & Flails
  7392 | D:7      | Reached XP level 9. HP: 47/61 MP: 13/19
  7475 | D:7      | Reached skill level 1 in Fighting
  8365 | D:8      | Reached skill level 9 in Conjurations
  8369 | D:8      | Offered knowledge of Static Discharge by Vehumet.
  8468 | D:8      | Noticed a two-headed ogre
  8495 | D:8      | HP: 5/103 [two-headed ogre/giant club (9)]
  8496 | D:8      | Slain by a two-headed ogre

Vault maps used:
D:1:      dpeg_arrival_simpleton_a
D:2:      first_ration
D:3:      minitemple, serial_bayou, serial_bayou_lagoon_a, serial_bayou_shore_b,
          serial_bayou_pond_a, serial_bayou_pond_c, serial_bayou_pond_c,
          st_stairs_6, minmay_misc_feat_tower, uniq_robin
D:5:      enter_ossuary_3, serial_shops, nicolae_shop_overgrown_old_shop
D:6:      temple_fountains
D:7:      uniq_crazy_yiuf_cottage
D:8:      serial_shops, nicolae_shop_behind_doors, blue_anna_alchemist
Temple:   dshaligram_water_room_temple
Ossuary:  ossuary_tomb_3

Skill      XL: |  1  2  3  4  5  6  7  8  9 |
---------------+----------------------------+-----
Maces & Flails | 1 2 3 5 |  5.0
Spellcasting   | 3 4 5 7 |  7.7
Conjurations   | 5 6 7 8 9 |  9.1
Fighting       | 3 |  3.1
Dodging        | |  1.7
Stealth        | |  1.7
Unarmed Combat | |  0.1

Action                   |  1- 3 |  4- 6 |  7- 9 || total
-------------------------+-------+-------+-------++-------
Melee: Whip              |    18 |   156 |   178 ||   352
       Dagger            |     5 |       |       ||     5
       Unarmed           |     3 |       |       ||     3
       Tailslap          |     1 |    13 |    18 ||    32
       Punch             |       |       |     1 ||     1
 Cast: Magic Dart        |    63 |    89 |   174 ||   326
       Dazzling Spray    |       |       |    21 ||    21
 Abil: Breathe Acid      |       |       |     6 ||     6
  Use: Scroll            |       |    10 |    16 ||    26
       Potion            |       |     1 |     5 ||     6
 Stab: Sleeping          |     2 |       |     1 ||     3
       Invisible         |       |       |     1 ||     1
  Eat: Chunk             |     2 |     4 |     5 ||    11
       Ration            |       |     1 |     4 ||     5
Armor: Skin              |    10 |    33 |    60 ||   103
Dodge: Dodged            |    24 |    64 |   106 ||   194

Table legend:
 A = Spawn XP
 B = Non-spawn XP
 C = Spawn XP percentage of total XP
 D = Spawn monster count
 E = Non-spawn monster count
 F = Spawn count percentage of total count
 G = Total turns spent on level
                    A         B        C        D         E        F      G
               +---------+---------+-------+---------+---------+-------+---------
         Total |       0 |    3969 |   0.0 |       0 |     168 |   0.0 |  8496
               +---------+---------+-------+---------+---------+-------+---------
           D:1 |       0 |      31 |   0.0 |       0 |      15 |   0.0 |  1094
           D:2 |       0 |      65 |   0.0 |       0 |      18 |   0.0 |   522
           D:3 |       0 |     126 |   0.0 |       0 |      32 |   0.0 |  1418
           D:4 |       0 |     315 |   0.0 |       0 |      17 |   0.0 |   704
           D:5 |       0 |    1125 |   0.0 |       0 |      18 |   0.0 |   898
           D:6 |       0 |     423 |   0.0 |       0 |       8 |   0.0 |  1137
           D:7 |       0 |    1401 |   0.0 |       0 |      40 |   0.0 |  1572
           D:8 |       0 |     309 |   0.0 |       0 |       4 |   0.0 |   136
       Ossuary |       0 |     174 |   0.0 |       0 |      16 |   0.0 |   880
               +---------+---------+-------+---------+---------+-------+---------
